 Dungeon Crawl Stone Soup version 0.30.1-9-gdf580d7c3d (webtiles) character file.

Game seed: 12284603583337325564

78352 pkoi the Grappler (level 15, -4/111 HPs)
             Began as a Green Draconian Monk on Oct 18, 2023.
             Was the Champion of Hepliaklqana.
             Slain by an alligator (5 damage)
             ... while paralysed by a hornet
             ... on level 2 of the Swamp on Oct 19, 2023.
             The game lasted 00:45:39 (25358 turns).

pkoi the Grappler (Green Draconian Monk)           Turns: 25358, Time: 00:45:40

Health: -4/111     AC: 16    Str: 19    XL:     15   Next: 17%
Magic:  24/33      EV: -1    Int: 23    God:    Hepliaklqana [******]
Gold:   1003       SH:  0    Dex: 19    Spells: 12/26 levels left

rFire   + + .        e - +11 spear "Eviscerator" {venom, rF++ Str-2 Int+3}
rCold   . . .        D - +2 buckler {reflect}
rNeg    . . .        (body armour unavailable)
rPois   +            d - +0 hat
rElec   .            p - +2 cloak {Will+}
rCorr   +            T - +1 pair of gloves {Str+3}
SInv    .            i - +1 pair of boots
Will    ++...        R - amulet "Lixka" {Acrobat rCorr Str+4 Int+2}
Stlth   +++          j - ring of magical power
HPRegen 0.38/turn    n - +6 ring of dexterity
MPRegen 0.23/turn

%: reflection, acrobat
@: paralysed, grasped by roots, constricted, studying Shields
A: reduced essence, breathe noxious fumes, AC +9, unfitting armour, stinger 1,
poison resistance, cold-blooded
a: Breathe Noxious Fumes, Renounce Religion, Recall Ancestor, Ancestor Identity,
Transference, Idealise


You were on level 2 of the Swamp.
You worshipped Hepliaklqana.
Hepliaklqana was exalted by your worship.
You visited 5 branches of the dungeon, and saw 22 of its levels.
You also visited: Sewer.

You collected 2526 gold pieces.
You spent 1523 gold pieces at shops.

Inventory:

Hand Weapons
 e - the +11 spear "Eviscerator" (weapon) {venom, rF++ Str-2 Int+3}
   (You found it on level 3 of the Dungeon)

   Str:       It affects your strength (-2).
   Int:       It affects your intelligence (+3).
   rF:        It greatly protects you from fire.
 f - a +1 spectral dagger
Missiles
 b - 2 throwing nets
 r - 25 poisoned darts (quivered)
Armour
 d - a +0 hat (worn)
 i - a +1 pair of boots (worn)
 p - a +2 cloak of willpower (worn)
 D - a +2 buckler of reflection (worn)
 T - a +1 pair of gloves of strength (worn)
Jewellery
 j - a ring of magical power (left hand)
 n - a +6 ring of dexterity (right hand)
 N - a ring of protection from cold
 R - the amulet "Lixka" (around neck) {Acrobat rCorr Str+4 Int+2}
   (You acquired it on level 6 of the Dungeon)

   [amulet of the acrobat]

   It increases your evasion while moving and waiting.
   Str:       It affects your strength (+4).
   Int:       It affects your intelligence (+2).
   rCorr:     It protects you from acid and corrosion.
Wands
 w - a wand of paralysis (10)
 E - a wand of mindburst (17)
 F - a wand of flame (39)
 P - a wand of polymorph (14)
 Q - a wand of roots (5)
Scrolls
 k - 2 scrolls of immolation
 m - 3 scrolls of enchant armour
 q - 4 scrolls of amnesia
 t - 3 scrolls of fog
 u - 3 scrolls of poison
 v - 11 scrolls of teleportation
 y - 13 scrolls of identify
 C - 2 scrolls of fear
 H - 3 scrolls of blinking
 J - 4 scrolls of magic mapping
 K - a scroll of butterflies
 O - 5 scrolls of enchant weapon
Potions
 a - a potion of ambrosia
 c - 2 potions of flight
 g - 8 potions of heal wounds
 h - 4 potions of resistance
 l - 4 potions of brilliance
 o - 11 potions of curing
 s - 7 potions of might
 x - 4 potions of berserk rage
 z - 3 potions of invisibility
 A - 3 potions of magic
 B - 2 potions of cancellation
 I - 3 potions of haste
 M - 2 potions of lignification


   Skills:
 - Level 9.0 Fighting
 - Level 9.0 Dodging
 - Level 6.0 Stealth
 + Level 7.9 Shields
 + Level 13.1 Unarmed Combat
 - Level 6.0 Spellcasting
 * Level 6.8 Transmutations
 - Level 6.0 Fire Magic
 - Level 6.0 Air Magic
 - Level 12.0 Poison Magic
 - Level 12.0 Invocations


You had 12 spell levels left.
You knew the following spells:

 Your Spells              Type           Power      Damage    Failure   Level
a - Poisonous Vapours     Pois/Air       96%        N/A       1%          2
b - Olgreb's Toxic Radia  Pois           58%        N/A       1%          4
c - Ignite Poison         Fire/Tmut/Pois 45%        N/A       1%          3
d - Blade Hands           Tmut           19%        N/A       17%         5

Your spell library contained the following spells:

 Spells                   Type           Power      Damage    Failure   Level
 Sting                    Tmut/Pois      100%       1d8       1%          1
 Cigotuvi's Dreadful Rot  Necr/Pois/Air  68%        N/A       1%          2
 Mephitic Cloud           Conj/Pois/Air  34%        N/A       2%          3
 Vhi's Electric Charge    Tloc/Air       40%        N/A       9%          3
 Magic Dart               Conj           24%        1d4       10%         1
 Lesser Beckoning         Tloc           12%        N/A       16%         2
 Searing Ray              Conj           12%        2d4       16%         2
 Ice Form                 Ice/Tmut       22%        N/A       24%         4
 Sticky Flame             Conj/Fire      20%        2d4       28%         4
 Frozen Ramparts          Ice            12%        1d2       30%         3
 Gell's Gravitas          Tloc           6%         N/A       30%         3
 Ozocubu's Armour         Ice            6%         N/A       30%         3
 Teleport Other           Tloc           6%         N/A       30%         3
 Arcjolt                  Conj/Air       10%        1d20      63%         5
 Fulminant Prism          Conj/Hex       3%         3d5       69%         4
 Summon Ice Beast         Ice/Summ       6%         N/A       69%         4
 Freezing Cloud           Conj/Ice/Air   8%         6-21      77%         5
 Plasma Beam              Fire/Air       17%        2x1d31    78%         6
 Metabolic Englaciation   Hex/Ice        3%         N/A       95%         5
 Dispersal                Tloc           3%         N/A       100%        6
 Iron Shot                Conj/Erth      3%         9d2       100%        6
 Simulacrum               Ice/Necr       3%         N/A       100%        6
 Ignition                 Fire           17%        3d7       100%        8
 Animate Armour           Summ/Erth      Unusable   N/A       N/A         4

Dungeon Overview and Level Annotations

Branches:
Dungeon (12/15)            Temple (1/1) D:5            Lair (5/5) D:10
  Swamp (2/4) Lair:3        Snake (0/4) Lair:3        Slime (0/5) Lair:4
    Orc (2/2) D:11            Elf (0/3) Orc:2         Sewer (visited)

Altars:
Ashenzari
Cheibriados
Dithmenos
Elyvilon
Fedhas
Gozag
Hepliaklqana
Kikubaaqudgha
Makhleb
Nemelex Xobeh
Okawaru
Qazlal
Ru
Sif Muna
Trog
Uskayaw
Vehumet
Wu Jian
Xom
Yredelemnul
Zin
The Shining One

Shops:
D:9 *   D:11 [(   Orc:1 (   Orc:2 =?:(

Annotations:
Swamp:1 1 runed translucent door, Halogen's ghost, journeyman MiGl


Innate Abilities, Weirdness & Mutations

Your life essence is reduced to manifest your ancestor. (-10% HP)
You can breathe blasts of noxious fumes.
Your lurid green scales are hard. (AC +9)
You cannot fit into any form of body armour.
Your tail ends in a venomous barb.
Your system is resistant to poisons. (rPois)
You are cold-blooded and may be slowed by cold attacks.


Message History

The hornet looks even sicker.
The hornet stings you but does no damage.
You block the alligator's attack.
The alligator tail-slaps you but does no damage.
The shambling mangrove closely misses Cyne.
The grasping roots constrict you!
* * * LOW HITPOINT WARNING * * *
Cyne barely misses the shambling mangrove.
Cyne closely misses the hornet.
Cyne hits the alligator with a +0 broad axe of flaming.
Cyne burns the alligator.
Cyne hits the hornet with a +0 broad axe of flaming.
Cyne burns the hornet.
Casting: Olgreb's Toxic Radiance (mildly dangerous; 1% risk of failure)
Confirm with . or Enter, or press ? or * to list all spells.
You ignite the poison in your surroundings!
The alligator seems to burn from within!
The alligator is severely wounded.
The hornet seems to burn from within!
The hornet is heavily wounded.
The hornet seems to burn from within!!!
You kill the hornet!
The hornet is poisoned.
The alligator is poisoned.
The hornet stings you!
* * * LOW HITPOINT WARNING * * *
You suddenly lose the ability to move!
The alligator bites you but does no damage.
The alligator tail-slaps you.
* * * LOW HITPOINT WARNING * * *
The shambling mangrove hits Cyne!!
Cyne is destroyed!
The grasping roots constrict you.
* * * LOW HITPOINT WARNING * * *
The hornet stings you.
* * * LOW HITPOINT WARNING * * *
The alligator looks even sicker.
Your toxic aura wanes.
The alligator bites you!
* * * LOW HITPOINT WARNING * * *
The alligator tail-slaps you.
You die...

♣.....~...~~~~<.♣
♣~~§~~...~~~~~.♣♣
♣♣.~~~~...~§~..♣♣
♣.~~~§~.♣..~..♣♣
♣~~~~~§.~~~.~♣♣
♣♣.~~~~~~~~...♣
♣♣~..~~~~~~~.♣
♣♣~...~~~y†~♣♣...
♣♣♣..§~..@.f.....
♣♣.~~~...~t.....##
♣~.~~~[..~....##..
♣~.~~~..~....#...
♣♣~.....~~...# ..#
♣♣♣♣♣~......+ ##
♣♣~.♣♣..# ♣♣♣♣ ..#
♣..#


You could see a shambling mangrove (unaware), an alligator (swift, very
poisoned) and a hornet (poisoned).

Vanquished Creatures
  A fenstrider witch (Swamp:1)
  An eleionoma (Swamp:1)
  Josephine (D:11)
  9 hydras
  An ogre mage (Orc:2)
  A catoblepas (Lair:1)
  A two-headed ogre (D:12)
  A boulder beetle (D:12)
  3 alligators (Swamp:1)
  12 death yaks
  2 skysharks
  A goliath frog (Swamp:1)
  Lodul (D:11)
  A spriggan druid (Swamp:1)
  2 bog bodies (Swamp:1)
  A deep elf pyromancer (D:12)
  An orc knight (D:12)
  11 orc sorcerers
  A wolf spider (D:12)
  4 cyclopes
  A manticore (D:12)
  Joseph (D:8)
  4 black mambas
  10 elephants
  Maggie (D:6)
  3 cane toads
  A gargoyle (D:12)
  A torpor snail (Lair:2)
  The ghost of riellis1 the Skirmisher, a novice FoHu (D:4)
  3 rime drakes (Lair:5)
  10 komodo dragons
  4 polar bears
  4 trolls
  5 hornets
  3 dream sheep
  5 blink frogs
  4 slime creatures (D:12)
  14 spriggans (Lair:5)
  A shadow (D:9)
  3 basilisks
  A vampire (D:9)
  5 wraiths
  22 yaks
  A wyvern (Lair:1)
  2 steam dragons
  3 vampire mosquitoes (D:12)
  A warg (D:6)
  Edmund (D:6)
  3 swamp worms
  An acid dragon (D:9)
  15 water moccasins
  A sky beast (D:7)
  A swamp drake (Swamp:1)
  An ice beast (D:7)
  18 orc warriors
  4 black bears
  14 wolves (Lair:5)
  21 ogres
  3 boggarts
  2 centaurs (D:9)
  2 phantoms
  2 kobold brigands
  Blork the orc (D:5)
  5 bullfrogs
  3 scorpions
  3 wights (D:8)
  7 killer bees
  6 howler monkeys
  6 crimson imps (D:7)
  2 lava snakes (Lair:3)
  14 orc priests
  Crazy Yiuf (D:2)
  6 hounds
  3 jellies
  A gnoll bouda (D:6)
  2 sleepcaps (D:4)
  4 iguanas
  32 orc wizards
  10 gnolls
  17 adders
  2 river rats
  2 shadow imps
  A white imp (D:7)
  A worm (D:3)
  5 dart slugs
  55 orcs
  7 endoplasms
  9 giant cockroaches
  11 goblins
  3 hobgoblins
  9 jackals
  4 quokkas
  12 ball pythons
  4 bats
  6 frilled lizards
  13 kobolds
  14 rats
540 creatures vanquished.

Vanquished Creatures (collateral kills)
  A bunyip (Swamp:1)
  A rakshasa (D:12)
  An alligator (Swamp:1)
  A death yak (D:10)
  A swamp dragon (Swamp:1)
  2 bog bodies
  A lindwurm (Lair:5)
  A will-o-the-wisp (Swamp:1)
  A salamander (Lair:3)
  2 elephants
  3 cane toads
  2 komodo dragons
  A kobold demonologist (D:11)
  A rime drake (Lair:1)
  An unseen horror (D:11)
  A troll (D:12)
  3 blink frogs
  A dream sheep (Lair:2)
  2 slime creatures (D:12)
  A spriggan (Lair:5)
  A vampire (D:11)
  A wraith (D:11)
  4 shadows
  A wyvern (Lair:3)
  7 yaks
  A vampire mosquito (D:12)
  6 water moccasins
  3 orc warriors
  A swamp drake (Swamp:1)
  4 ogres
  A boggart (Lair:5)
  3 wolves (Lair:5)
  4 bullfrogs
  A scorpion (D:6)
  2 gnoll sergeants (D:6)
  2 wights (D:8)
  2 killer bees
  2 howler monkeys (D:6)
  2 crimson imps (D:7)
  A jelly (D:5)
  An orc priest (D:6)
  3 hounds (D:6)
  6 orc wizards
  5 gnolls
  An adder (Sewer)
  A worm (D:5)
  12 orcs
  A giant cockroach (D:5)
  A ball python (D:5)
  2 frilled lizards (Sewer)
  A rat (Sewer)
111 creatures vanquished.

Vanquished Creatures (others)
  An orc wizard (Orc:2)
  11 knights
  4 foxfires (Swamp:1)
16 creatures vanquished.

Grand Total: 667 creatures vanquished

Notes
Turn   | Place    | Note
-------+----------+-------------------------------------------
     0 | D:1      | pkoi the Draconian Monk began the quest for the Orb.
     0 | D:1      | Reached XP level 1. HP: 19/19 MP: 1/1
   149 | D:1      | Reached XP level 2. HP: 21/26 MP: 2/2
   337 | D:1      | Found a faded altar of an unknown god.
   540 | D:1      | Reached XP level 3. HP: 31/31 MP: 3/3
  1026 | D:2      | Reached skill level 1 in Stealth
  1103 | D:2      | Reached skill level 4 in Unarmed Combat
  1118 | D:2      | Reached XP level 4. HP: 40/40 MP: 4/4
  1393 | D:2      | Found a stormy altar of Qazlal.
  1423 | D:2      | Found a runed translucent door.
  1424 | D:2      | Noticed Crazy Yiuf
  2428 | D:3      | Identified the +11 spear "Eviscerator" {venom, rF++ Str-2
                  | Int+3}
  2841 | D:3      | Reached XP level 5. HP: 46/46 MP: 5/5
  3165 | D:2      | Killed Crazy Yiuf
  3462 | D:4      | Found a large runed translucent door.
  3462 | D:4      | Found a large runed translucent door.
  3692 | D:4      | Reached skill level 5 in Unarmed Combat
  4072 | D:4      | Reached XP level 6. HP: 53/53 MP: 6/6
  4519 | D:4      | Your scales start taking on a lurid green colour.
  4519 | D:4      | Reached XP level 7. HP: 54/60 MP: 7/7
  4519 | D:4      | Gained mutation: Your system is resistant to poisons.
                  | (rPois) [Green Draconian growth]
  4649 | D:4      | Noticed riellis1's ghost (novice FoHu)
  4837 | D:5      | Entered Level 5 of the Dungeon
  4849 | D:5      | Reached skill level 5 in Fighting
  4873 | D:5      | Noticed Blork the orc
  4881 | D:5      | Killed Blork the orc
  4895 | D:5      | Found a staircase to the Ecumenical Temple.
  4908 | Temple   | Entered the Ecumenical Temple
  4915 | Temple   | Became a worshipper of Hepliaklqana the Forgotten
  4915 | Temple   | Reached * piety under Hepliaklqana
  4915 | Temple   | Reached ** piety under Hepliaklqana
  4929 | D:5      | Remembered your ancestor Cyne as a knight
  4959 | D:5      | Found a glowing drain.
  4967 | Sewer    | Entered a sewer
  5368 | D:5      | Reached skill level 6 in Unarmed Combat
  5368 | D:5      | Reached skill level 1 in Invocations
  5432 | D:5      | Reached XP level 8. HP: 62/62 MP: 9/9
  5434 | D:5      | Found a glowing silver altar of Zin.
  5439 | D:5      | Found a radiant altar of Vehumet.
  5484 | D:5      | Found a bloodstained altar of Trog.
  5996 | D:6      | Reached skill level 5 in Dodging
  6029 | D:6      | Noticed Edmund
  6039 | D:6      | Killed Edmund
  6113 | D:6      | Noticed Maggie
  6126 | D:6      | Killed Maggie
  6127 | D:6      | Reached skill level 5 in Stealth
  6384 | D:6      | Reached skill level 7 in Unarmed Combat
  6501 | D:6      | Reached XP level 9. HP: 64/67 MP: 12/12
  6785 | D:6      | Reached skill level 5 in Invocations
  6841 | D:6      | Reached skill level 8 in Unarmed Combat
  7015 | D:6      | Identified a scroll of acquirement
  7063 | D:6      | Noticed a cyclops
  7069 | D:6      | Killed a cyclops
  7134 | D:6      | Reached skill level 9 in Unarmed Combat
  7134 | D:6      | Reached XP level 10. HP: 57/74 MP: 15/15
  7323 | D:6      | Reached *** piety under Hepliaklqana
  8465 | D:8      | Learned a level 3 spell: Ignite Poison
  8470 | D:8      | Reached **** piety under Hepliaklqana
  8698 | D:8      | Reached skill level 1 in Poison Magic
  8748 | D:8      | Reached skill level 1 in Transmutations
  8748 | D:8      | Reached skill level 1 in Fire Magic
  8750 | D:8      | Reached skill level 1 in Spellcasting
  8980 | D:8      | Found a broken altar of Ashenzari.
  9129 | D:8      | Noticed Joseph
  9139 | D:8      | Killed Joseph
  9339 | D:9      | Noticed an orc sorcerer
  9377 | D:9      | Noticed a smoke demon
  9385 | D:9      | Killed an orc sorcerer
  9753 | D:9      | Reached XP level 11. HP: 80/80 MP: 17/17
 10164 | D:9      | Found Fiafukh's Assorted Antiques.
 10174 | D:9      | Bought a scroll of blinking for 187 gold pieces
 10174 | D:9      | Bought a blackened ruby amulet for 125 gold pieces
 10174 | D:9      | Bought a metallic purple potion for 22 gold pieces
 10192 | D:9      | Found a shimmering altar of Xom.
 10528 | D:10     | Entered Level 10 of the Dungeon
 10769 | D:10     | Noticed a death yak
 10769 | D:10     | Noticed a death yak
 10814 | D:10     | Noticed a death yak
 10815 | D:10     | Noticed a death yak
 10841 | D:9      | Killed a death yak
 11138 | D:10     | Found a staircase to the Lair.
 11257 | D:10     | Found a large runed translucent door.
 11261 | D:10     | Found a large runed translucent door.
 11261 | D:10     | Reached ***** piety under Hepliaklqana
 11375 | D:10     | Noticed a death yak
 11375 | D:10     | Noticed a death yak
 11375 | D:10     | Noticed a death yak
 11573 | Lair:1   | Entered Level 1 of the Lair of Beasts
 11804 | Lair:1   | Reached skill level 5 in Poison Magic
 12201 | Lair:1   | Reached skill level 5 in Fire Magic
 12246 | Lair:1   | Noticed a skyshark
 12258 | Lair:1   | Killed a skyshark
 12259 | Lair:1   | Reached skill level 5 in Transmutations
 12274 | Lair:1   | Reached skill level 5 in Spellcasting
 12639 | Lair:1   | Learned a level 2 spell: Poisonous Vapours
 12644 | Lair:1   | Learned a level 4 spell: Olgreb's Toxic Radiance
 12644 | Lair:1   | Noticed a catoblepas
 12651 | Lair:1   | Killed a catoblepas
 12652 | Lair:1   | Reached XP level 12. HP: 86/86 MP: 13/20
 13199 | Lair:2   | Noticed a seven-headed hydra
 13314 | Lair:2   | Reached skill level 1 in Air Magic
 14101 | Lair:3   | Noticed an eight-headed hydra
 14137 | Lair:3   | Reached skill level 10 in Unarmed Combat
 14344 | Lair:3   | Noticed an eight-headed hydra
 14353 | Lair:3   | Killed an eight-headed hydra
 14803 | Lair:3   | Reached ****** piety under Hepliaklqana
 14872 | Lair:3   | Killed an eight-headed hydra
 15306 | Lair:3   | Found a staircase to the Snake Pit.
 15425 | Lair:3   | Found a staircase to the Swamp.
 15933 | Lair:4   | Found a staircase to the Slime Pits.
 16086 | Lair:4   | Noticed a four-headed hydra
 16097 | Lair:4   | Killed a four-headed hydra
 16381 | Lair:5   | Entered Level 5 of the Lair of Beasts
 16392 | Lair:5   | Reached XP level 13. HP: 94/94 MP: 22/22
 16616 | Lair:5   | Reached skill level 5 in Air Magic
 16628 | Lair:5   | Reached skill level 11 in Unarmed Combat
 17531 | Lair:5   | Reached skill level 10 in Poison Magic
 17576 | Lair:5   | Reached skill level 10 in Invocations
 18154 | Lair:5   | Acquired the amulet "Lixka" {Acrobat rCorr Str+4 Int+2}
 18166 | Lair:5   | Acquired a +2 buckler of reflection
 18216 | Lair:5   | Reached skill level 1 in Shields
 18771 | D:10     | Gained mutation: Your tail ends in a venomous barb. [Green
                  | Draconian growth]
 18771 | D:10     | Reached XP level 14. HP: 106/106 MP: 18/23
 18919 | D:10     | Found an ancient bone altar of Kikubaaqudgha.
 18933 | D:10     | Found a glowing golden altar of the Shining One.
 19118 | D:11     | Noticed Lodul
 19124 | D:11     | Killed Lodul
 19183 | D:11     | Identified the +10 war axe "Naufuoxuno" {heavy, rPois Str-5
                  | Int+3}
 19333 | D:11     | Found Taonnapnuc's Weapon Shop.
 19335 | D:11     | Found a staircase to the Orcish Mines.
 19348 | D:11     | Found Teineg's Armour Shop.
 19356 | D:11     | Bought a +1 pair of gloves of strength for 181 gold pieces
 19578 | D:11     | Noticed Josephine
 19585 | D:11     | Killed Josephine
 19951 | D:12     | Reached skill level 12 in Unarmed Combat
 21338 | Orc:1    | Entered Level 1 of the Orcish Mines
 21624 | Orc:1    | Found Mualyhek's Weapon Shoppe.
 21843 | Orc:2    | Entered Level 2 of the Orcish Mines
 21976 | Orc:2    | Found a staircase to the Elven Halls.
 22398 | Orc:2    | Found a burning altar of Makhleb.
 22595 | Orc:2    | Found an ancient bone altar of Kikubaaqudgha.
 22602 | Orc:2    | Found Fockid's Magic Scroll Shoppe.
 22604 | Orc:2    | Reached skill level 5 in Shields
 22680 | Orc:2    | Bought a scroll of immolation for 48 gold pieces
 22682 | Orc:2    | Found a radiant altar of Vehumet.
 22761 | Orc:2    | Found Baqohil's Jewellery Emporium.
 22890 | Orc:2    | Found Sarofat's Antique Weapon Emporium.
 22932 | Orc:2    | Found Gusouj's Book Shoppe.
 22940 | Orc:2    | Bought a manual of Shields for 960 gold pieces
 23511 | D:4      | Killed riellis1's ghost
 23711 | Swamp:1  | Entered Level 1 of the Swamp
 24203 | Swamp:1  | Reached XP level 15. HP: 101/111 MP: 24/24
 24206 | Swamp:1  | Reached skill level 13 in Unarmed Combat
 24237 | Swamp:1  | Learned a level 5 spell: Blade Hands
 24521 | Swamp:1  | Noticed a fenstrider witch
 24534 | Swamp:1  | Killed a fenstrider witch
 25042 | Swamp:1  | Found a runed translucent door.
 25043 | Swamp:1  | Noticed Halogen's ghost (journeyman MiGl)
 25279 | Swamp:2  | Identified the +8 plate armour "Gudwepoy" {Str-2 Dex+5
                  | Stlth+}
 25357 | Swamp:2  | Paralysed by a hornet for 2 turns
 25358 | Swamp:2  | HP: 1/111 [alligator (8)]
 25358 | Swamp:2  | Slain by an alligator

Illustrated notes

Levels and vault maps discovered:
D:1:      dpeg_arrival_yet_another_circle, layout_loops_corners,
          hellmonk_ecumenical_altar_arch_garden, dreamdust_mushroom_princess
D:2:      minmay_spotlight, layout_rooms, basic_altar, uniq_crazy_yiuf_cottage
D:3:      layout_loops_corners
D:4:      layout_basic, ebering_ghost_disaster_area, chequers_big_river,
          hellmonk_no_cap
D:5:      minmay_skewed_foursquare, layout_rooms,
          nicolae_overflow_crystal_walls, mainiacjoe_overflow_catwalk_spiral,
          minmay_temple_entry_wispy, portal_sewer_entry_e, hex_large,
          minmay_misc_feat_nine_boxes, uniq_blork_the_orc
D:6:      lemuel_castle_with_subvaults [lemuel_castle_interior_carwin_1],
          layout_basic, uniq_edmund, uniq_maggie
D:7:      layout_loops_ring, hangedman_abyss_or_decor_passed, minmay_nine_imps
D:8:      layout_gridville, mainiacjoe_overflow_tiny_flanked, uniq_joseph
D:9:      cheibrodos_wizards_tower, layout_small_grid, dk_xom_monty_hall,
          serial_shops, shop
D:10:     layout_small_grid, jmf_multi_god_temple2, dpeg_lair_monsters,
          chequers_serial_rivers_large_a
D:11:     layout_small_grid, orc_david_3, uniq_josephine, uniq_lodul
D:12:     minmay_open_boxes_in_corner, layout_cave_pools,
          kennysheep_big_empty_room
Temple:   nicolae_temple_no_exploring_needed
Lair:1:   layout_regular_city, grunt_megastairs_1
Lair:2:   layout_regular_city, grunt_forest_large_clearing_hut
Lair:3:   layout_regular_city, minmay_swamp_entry_worms,
          nicolae_snake_entry_warm_welcome, nicolae_lair_grove_arrangements,
          grunt_megastairs_3
Lair:4:   layout_layer_cave, slime_entry_1
Lair:5:   minmay_lair_end_enchanted_forest, layout_gridlike
Swamp:1:  layout_falls_marsh, gammafunk_ghost_grave, nicolae_swamp_oxbows,
          nicolae_swamp_trees_clearing
Swamp:2:  layout_basic_swamp, ebering_ghost_rock_garden,
          evilmike_swamp_ruin_house_3, swamp_pool2, infiniplex_staircase_pool,
          uniq_nikola
Orc:1:    layout_caves, basic_altar, serial_shops, shop, uniq_maurice
Orc:2:    kennysheep_orc_mage_school, layout_caves, basic_altar

Skill      XL: |  1  2  3  4  5  6  7  8  9 10 11 12 13 14 15 |
---------------+----------------------------------------------+-----
Dodging        | 3 4 5 6 7 8 9 |  9.0
Stealth        | 1 2 3 4 5 6 |  6.0
Unarmed Combat | 4 5 6 7 9 10 11 12 13 | 13.1
Fighting       | 4 5 6 7 9 |  9.0
Invocations    | 1 4 7 9 10 12 | 12.0
Poison Magic   | 3 7 9 10 12 | 12.0
Transmutations | 2 5 6 |  6.8
Fire Magic     | 3 5 6 |  6.0
Spellcasting   | 2 5 6 |  6.0
Air Magic      | 4 6 |  6.0
Shields        | 1 7 |  7.9

Action                     |  1- 3 |  4- 6 |  7- 9 | 10-12 | 13-15 || total
---------------------------+-------+-------+-------+-------+-------++-------
  Melee: Unarmed           |   103 |    70 |       |       |    57 ||   230
         Tailslap          |    19 |    19 |    29 |    69 |    58 ||   194
         Dagger            |       |     9 |       |       |       ||     9
         Spear             |       |    81 |   236 |   394 |   333 ||  1044
   Cast: Ignite Poison     |       |       |       |    43 |   102 ||   145
         Poisonous Vapours |       |       |       |    19 |    41 ||    60
         Olgreb's Toxic Ra |       |       |       |     4 |    45 ||    49
 Invoke: Ancestor Life: Kn |       |       |     1 |       |       ||     1
         Ancestor Identity |       |       |     1 |       |       ||     1
         Recall Ancestor   |       |       |     1 |    17 |     2 ||    20
Ability: Breathe Noxious F |       |       |       |     3 |     1 ||     4
    Use: Scroll            |       |    18 |     8 |     2 |     2 ||    30
         Potion            |       |     2 |     1 |       |       ||     3
   Stab: Sleeping          |       |     2 |     2 |    10 |     7 ||    21
         Distracted        |       |       |       |     3 |     8 ||    11
 Armour: Skin              |    29 |    28 |    48 |    99 |    96 ||   300
  Dodge: Dodged            |    58 |    83 |   111 |   209 |   235 ||   696
  Block: Orb               |       |    11 |    35 |    69 |    21 ||   136
         Reflection        |       |       |       |     3 |     1 ||     4
         Buckler           |       |       |       |       |    79 ||    79
